 Dungeon Crawl Stone Soup version 0.24.0-125-gc4c63601f3 (webtiles) character file.

Game seed: 472685038525767091, levelgen mode: deterministic

193 Descartes the Ducker (level 5, 0/24 HPs)
             Began as a Felid Monk on Feb 22, 2020.
             Slain by a gnoll
             ... wielding a +0 club
              (6 damage)
             ... on level 4 of the Dungeon.
             The game lasted 00:10:04 (4011 turns).

Descartes the Ducker (Felid Monk)                   Turns: 4011, Time: 00:10:05

Health: 0/24       AC:  2    Str:  9    XL:     5   Next: 43%
Magic:  6/6        EV: 22    Int: 11    God:
Gold:   19         SH:  0    Dex: 19    Spells: 4/4 levels left
                                        Lives:  0   Deaths: 1

rFire    . . .     SeeInvis +     - Unarmed
rCold    . . .     Gourm    .   (shield unavailable)
rNeg     . . .     Faith    .   (armour unavailable)
rPois    .         Spirit   .   (helmet unavailable)
rElec    .         Reflect  .   (cloak unavailable)
rCorr    .         Harm     .   (gloves unavailable)
MR       ++...                  (boots unavailable)
Stlth    ++++......             b - amulet of magic regeneration
HPRegen  0.08/turn              g - ring of protection from magic
MPRegen  0.35/turn              q - ring of protection from magic

@: quick
A: very small, no armour, no weapons or thrown items, stealth, claws 1, fangs 3,
see invisible, carnivore, speed 1, shaggy fur 2, slow metabolism 1, sharp paws
a: no special abilities


You were on level 4 of the Dungeon.
You were completely stuffed.

You visited 1 branch of the dungeon, and saw 4 of its levels.

You collected 154 gold pieces.
You spent 135 gold pieces at shops.

Inventory:

Missiles
 c - 39 stones
 f - 55 arrows
Jewellery
 b - an amulet of magic regeneration (around neck)
 g - a ring of protection from magic (left paw)
 m - an uncursed ring of protection from fire
 q - a ring of protection from magic (right paw)
Scrolls
 d - 2 scrolls of remove curse
 n - a scroll of fear
 s - 2 scrolls of teleportation
Potions
 e - 2 potions of agility {unknown}
 h - a potion of degeneration {unknown}
 i - a potion of flight {unknown}
 j - a potion of invisibility
 k - a potion of heal wounds {unknown}
 l - 2 potions of brilliance
 o - a potion of magic
 p - a potion of lignification {unknown}
Comestibles
 a - 8 rations


   Skills:
 - Level 3.0 Fighting
 + Level 5.8 Dodging
 + Level 5.3 Stealth
 * Level 5.4 Unarmed Combat


You had 4 spell levels left.
You didn't know any spells.
Your spell library contained the following spells:

 Spells                   Type           Power        Failure   Level  Hunger
 Summon Small Mammal      Summ           #...         34%         1    ##.....
 Call Imp                 Summ           #.......     47%         2    ###....
 Call Canine Familiar     Summ           #.......     71%         3    ####...
 Summon Guardian Golem    Hex/Summ       #.......     71%         3    ####...
 Summon Ice Beast         Ice/Summ       #.......     98%         4    #####..
 Summon Lightning Spire   Summ/Air       #.......     98%         4    #####..


Dungeon Overview and Level Annotations

Branches:
Dungeon (4/15)
 Temple: D:4-7

Altars:
Nemelex Xobeh

Shops:
D:4 ?

Annotations:
D:4 Pikel


Innate Abilities, Weirdness & Mutations

You cannot wear armour.
You are incapable of wielding weapons or throwing items.
Your paws allow you to move quietly. (Stealth)
You have sharp claws.
You have razor-sharp teeth.
You have supernaturally acute eyesight. (SInv)
You are carnivorous and can eat meat at any time.
You cover ground quickly.
You are covered in thick fur. (AC +2)
You have a slow metabolism.
Your sharp claws are effective at attacking unaware monsters.


Message History

The slave is moderately wounded.
The slave closely misses you.
You claw the slave!
The slave is heavily wounded.
The slave hits you!
* * * LOW HITPOINT WARNING * * *
You are too injured to fight recklessly!
You are too injured to fight recklessly!
You are too injured to fight recklessly!
A gnoll comes into view.
The gnoll shouts!
You hear a shout! x3
A gnoll comes into view. It is wielding a +0 whip.
A gnoll comes into view. It is wielding a +0 spear.
A gnoll comes into view. It is wielding a +0 club.
The gnoll misses you. The gnoll completely misses you.
The gnoll completely misses you. The gnoll completely misses you.
The gnoll closely misses you. The gnoll hits you with a +0 club.
You die...

##.## #....#..# ### #.##
#.##.#..# ..# #,*#8#..## #### #
.## #.##.#...# ##..### ##
#.8.∩.8..# ##...... ###
####.#.>.#######....... ..#####
#8##................ ......#####
#.##................
..........####g.@.####...........
####.........pgg.####........÷...
## ######......g###....#.........
.# #####..###...##.......... .#
#..##...####......... .#
#......## #####..... .## #.....##
##.... ..### #....## #....
....###* #.....## ##...


You could see a slave and 4 gnolls.

Vanquished Creatures
  A slave (D:4)
  An orc wizard (D:4)
  Crazy Yiuf (D:2)
  An orc priest (D:4)
  An iguana (D:4)
  Jessica (D:3)
  Terence (D:2)
  2 worker ants (D:4)
  Robin (D:4)
  5 adders
  An adder zombie (D:3)
  2 worms
  A leopard gecko (D:3)
  2 orcs (D:4)
  2 giant cockroaches
  8 goblins
  16 hobgoblins
  4 jackals (D:2)
  3 quokkas (D:2)
  A ball python (D:2)
  3 bats
  5 frilled lizards
  4 kobolds
  3 rats
70 creatures vanquished.

Notes
Turn   | Place    | Note
-------+----------+-------------------------------------------
     0 | D:1      | Descartes the Felid Monk began the quest for the Orb.
     0 | D:1      | Reached XP level 1. HP: 10/10 MP: 2/2
   401 | D:1      | Reached XP level 2. HP: 14/14 MP: 3/3
  1046 | D:2      | Reached XP level 3. HP: 16/17 MP: 4/4
  1134 | D:2      | Noticed Terence
  1155 | D:2      | Killed Terence
  1155 | D:2      | Reached XP level 4. HP: 16/21 MP: 5/5
  1374 | D:2      | Found a sparkling altar of Nemelex Xobeh.
  1541 | D:2      | Found a runed translucent door.
  1542 | D:2      | Noticed Crazy Yiuf
  1763 | D:2      | Killed Crazy Yiuf
  1763 | D:2      | Reached skill level 5 in Dodging
  2403 | D:3      | Reached XP level 5. HP: 14/24 MP: 6/6
  2651 | D:3      | Noticed Jessica
  2655 | D:3      | Killed Jessica
  2990 | D:4      | Reached skill level 5 in Unarmed Combat
  3169 | D:4      | Noticed Robin
  3530 | D:4      | Killed Robin
  3530 | D:4      | Reached skill level 5 in Stealth
  3543 | D:4      | Gained mutation: You are covered in thick fur. (AC +2)
                  | [Felid growth]
  3543 | D:4      | Reached XP level 6. HP: 12/28 MP: 7/7
  3566 | D:4      | HP: 1/28 [poisoned by a worker ant]
  3569 | D:4      | Succumbed to a worker ant's poison
  3570 | D:4      | Reached XP level 5. HP: 0/24 MP: 6/6
  3867 | D:4      | Found Yviseyrgh's Magic Scroll Shoppe.
  3887 | D:4      | Bought a scroll of fear for 35 gold pieces
  3887 | D:4      | Bought a scroll of identify for 20 gold pieces
  3887 | D:4      | Bought a scroll of identify for 20 gold pieces
  3887 | D:4      | Bought a scroll of teleportation for 30 gold pieces
  3887 | D:4      | Bought a scroll of teleportation for 30 gold pieces
  3948 | D:4      | Noticed a slave
  3949 | D:4      | Noticed Pikel
  3949 | D:4      | Noticed a slave
  3952 | D:4      | Noticed a slave
  3952 | D:4      | Noticed a slave
  3994 | D:4      | Killed a slave
  4011 | D:4      | Slain by a gnoll

Levels and vault maps discovered:
D:1:      co_arrival_square_in_a_square_in_a_square, layout_basic,
          minmay_misc_feat_more_columns, serial_park_tiny_pond
D:2:      layout_rooms, nemelex_spade_bored_becter, uniq_terence,
          uniq_crazy_yiuf_cottage
D:3:      layout_basic, kennysheep_path_1, uniq_jessica
D:4:      layout_cave_pods, serial_shops, nicolae_shop_statue_plus, uniq_robin,
          uniq_pikel

Skill      XL: |  1  2  3  4  5 |
---------------+----------------+-----
Stealth        | 3 4 5 |  5.3
Unarmed Combat | 4 5 |  5.4
Dodging        | 5 |  5.8
Fighting       | |  3.0

Action                   |  1- 3 |  4- 6 || total
-------------------------+-------+-------++-------
Melee: Unarmed           |    73 |   178 ||   251
       Bite              |     8 |    17 ||    25
       Punch             |     2 |       ||     2
  Use: Scroll            |       |    10 ||    10
 Stab: Sleeping          |     5 |     6 ||    11
       Distracted        |       |     2 ||     2
  Eat: Chunk             |     8 |    10 ||    18
Armor: Skin              |     1 |     5 ||     6
Dodge: Dodged            |    53 |   155 ||   208
